General information
- name: BNet
- type: Ladder team game (AT/RT)
- host: Battle.net
- saver: DontHaveACowMan
map: Deadlock
- players: 8
- length: 58:31
- speed: Fast
- version: 1.26 W3XP
- replay type: Public
» download(332 KB)
Players
team 1 (loser)
Phurious (
teal | 30 APM | 988 actions | 33:04)
6 Demon Hunter
3 Evasion
2 Mana Burn
1 Metamorphosis
3 Priestess of the Moon
2 Trueshot Aura
1 Searing Arrows
» actions
| Build / train | 72 | |
| Enter build submenu | 22 | |
| Enter hero's abilities submenu | 9 | |
| Right click | 440 | |
| Select / deselect | 374 | |
| Use ability | 71 | |
988 total
» units
| Wisp | 22 | |
| Archer | 6 | |
| Druid of the Talon | 9 | |
| Faerie Dragon | 7 | |
| Hippogryph | 2 | |
46 total
» upgrades
| Strength of the Wild | 3 | |
| Reinforced Hides | 3 | |
| Druid of the Talon Training | 2 | |
| Mark of the Talon | 1 | |
9 total
» buildings
| Altar of Elders | 1 | |
| Moon Well | 10 | |
| Ancient of War | 1 | |
| Hunter's Hall | 1 | |
| Tree of Ages | 1 | |
| Tree of Life | 4 | |
| Ancient of Wonders | 1 | |
| Ancient of Wind | 4 | |
| Tree of Eternity | 1 | |
24 total
» build order
00:12 Altar of Elders
00:23 Moon Well
00:36 Ancient of War
01:32 Moon Well
02:29 Hunter's Hall
03:59 Tree of Ages
04:02 Moon Well
05:43 Tree of Life
05:57 Tree of Life
06:14 Ancient of Wonders
06:49 Ancient of Wind
06:51 Ancient of Wind
07:00 Ancient of Wind
07:35 Tree of Eternity
10:52 Moon Well
10:55 Moon Well
10:58 Moon Well
12:39 Moon Well
12:42 Moon Well
13:28 Ancient of Wind
20:51 Moon Well
22:11 Moon Well
29:28 Tree of Life
30:18 Tree of Life
» items

»
leafygreens (
pink | 42 APM | 1319 actions | 31:16)
5 Death Knight
2 Death Coil
3 Unholy Aura
3 Crypt Lord
2 Carrion Beetles
1 Spiked Carapace
3 Pit Lord
1 Howl of Terror
2 Cleaving Attack
» actions
| Assign group hotkey | 32 | |
| Basic commands | 46 | |
| Build / train | 90 | |
| ESC pressed | 3 | |
| Enter build submenu | 26 | |
| Enter hero's abilities submenu | 11 | |
| Remove unit from queue | 5 | |
| Right click | 577 | |
| Select / deselect | 317 | |
| Select group hotkey | 143 | |
| Use ability | 69 | |
1319 total
» units
| Acolyte | 12 | |
| Ghoul | 10 | |
| Crypt Fiend | 17 | |
| Frost Wyrm | 3 | |
| Harpy Windwitch | 1 | |
| Razormane Medicine Man | 2 | |
| Harpy Rogue | 2 | |
| Centaur Outrunner | 5 | |
52 total
» upgrades
| Creature Attack | 3 | |
| Creature Carapace | 1 | |
| Web | 1 | |
5 total
» buildings
| Altar of Darkness | 1 | |
| Crypt | 2 | |
| Ziggurat | 28 | |
| Graveyard | 1 | |
| Halls of the Dead | 1 | |
| Spirit Tower | 7 | |
| Black Citadel | 1 | |
| Sacrificial Pit | 1 | |
| Boneyard | 1 | |
| Necropolis | 1 | |
44 total
» build order
00:08 Altar of Darkness
00:11 Crypt
00:26 Ziggurat
01:31 Ziggurat
01:57 Graveyard
02:40 Ziggurat
04:52 Ziggurat
07:32 Halls of the Dead
09:00 Spirit Tower
10:19 Spirit Tower
10:30 Ziggurat
10:33 Ziggurat
10:35 Ziggurat
10:38 Ziggurat
10:40 Ziggurat
10:41 Ziggurat
11:55 Spirit Tower
12:43 Black Citadel
12:57 Ziggurat
12:59 Ziggurat
13:23 Sacrificial Pit
13:33 Ziggurat
14:29 Spirit Tower
15:21 Boneyard
16:29 Ziggurat
16:30 Ziggurat
16:33 Ziggurat
16:35 Ziggurat
16:37 Ziggurat
17:31 Spirit Tower
17:55 Spirit Tower
19:14 Spirit Tower
20:45 Ziggurat
20:46 Ziggurat
20:49 Ziggurat
20:50 Ziggurat
20:53 Ziggurat
23:18 Necropolis
23:25 Ziggurat
23:26 Ziggurat
23:27 Ziggurat
23:29 Ziggurat
23:58 Crypt
24:04 Ziggurat
» items
| Periapt of Vitality | 2 | |
| Scroll of Healing | 1 | |
| Scroll of Protection | 1 | |
| Scroll of Town Portal | 1 | |
5 total
F.U.C.K.u.U.P. (
red | 80 APM | 4681 actions | 58:23)
10 Blood Mage
3 Flame Strike
3 Banish
1 Summon Phoenix
3 Siphon Mana
» actions
| Assign group hotkey | 83 | |
| Basic commands | 137 | |
| Build / train | 167 | |
| ESC pressed | 2 | |
| Enter build submenu | 58 | |
| Enter hero's abilities submenu | 10 | |
| Give item / drop item | 4 | |
| Right click | 1857 | |
| Select / deselect | 505 | |
| Select group hotkey | 1600 | |
| Use ability | 258 | |
4681 total
» units
| Peasant | 18 | |
| Footman | 3 | |
| Sorceress | 2 | |
| Dragonhawk Rider | 6 | |
| Gryphon Rider | 6 | |
35 total
» upgrades
| Masonry | 3 | |
| Lumber Harvesting | 2 | |
| Sorceress Training | 2 | |
| Swords | 3 | |
| Armor | 3 | |
| Animal War Training | 1 | |
| Magic Sentry | 1 | |
| Storm Hammers | 1 | |
| Cloud | 1 | |
| Plating | 3 | |
| Gunpowder | 3 | |
23 total
» buildings
| Altar of Kings | 1 | |
| Barracks | 1 | |
| Farm | 16 | |
| Lumber Mill | 1 | |
| Scout Tower | 25 | |
| Arcane Tower | 7 | |
| Arcane Vault | 1 | |
| Town Hall | 1 | |
| Guard Tower | 39 | |
| Keep | 3 | |
| Blacksmith | 1 | |
| Castle | 3 | |
| Gryphon Aviary | 6 | |
| Arcane Sanctum | 1 | |
| Workshop | 2 | |
108 total
» build order
00:56 Altar of Kings
00:58 Barracks
01:00 Farm
01:04 Farm
01:13 Farm
01:44 Farm
01:55 Lumber Mill
02:11 Scout Tower
02:37 Arcane Tower
02:37 Arcane Tower
02:41 Farm
02:55 Farm
03:34 Arcane Vault
04:10 Town Hall
04:13 Scout Tower
04:15 Scout Tower
04:17 Scout Tower
04:21 Scout Tower
04:50 Arcane Tower
04:50 Arcane Tower
04:51 Guard Tower
04:51 Guard Tower
05:55 Keep
05:55 Keep
07:37 Farm
07:38 Farm
08:06 Scout Tower
08:08 Blacksmith
08:17 Castle
08:18 Castle
08:18 Castle
08:23 Gryphon Aviary
08:27 Gryphon Aviary
08:35 Guard Tower
08:36 Guard Tower
08:36 Guard Tower
08:44 Arcane Sanctum
09:59 Scout Tower
10:01 Scout Tower
10:03 Scout Tower
10:05 Scout Tower
10:59 Scout Tower
11:00 Scout Tower
11:00 Scout Tower
11:35 Guard Tower
11:35 Guard Tower
11:36 Guard Tower
11:36 Guard Tower
11:37 Guard Tower
13:05 Scout Tower
13:36 Guard Tower
13:36 Guard Tower
14:19 Scout Tower
14:20 Scout Tower
14:23 Scout Tower
14:52 Guard Tower
14:53 Guard Tower
14:56 Farm
14:57 Farm
14:58 Farm
14:59 Farm
15:13 Guard Tower
15:13 Guard Tower
15:40 Guard Tower
16:16 Scout Tower
16:18 Scout Tower
16:23 Scout Tower
18:50 Scout Tower
18:52 Scout Tower
19:05 Guard Tower
19:06 Guard Tower
19:41 Guard Tower
19:42 Guard Tower
19:46 Scout Tower
19:49 Guard Tower
21:24 Guard Tower
21:24 Guard Tower
22:09 Scout Tower
22:12 Scout Tower
22:47 Farm
22:51 Farm
23:04 Guard Tower
23:04 Guard Tower
23:05 Guard Tower
23:09 Farm
24:50 Workshop
25:00 Workshop
26:18 Gryphon Aviary
26:19 Gryphon Aviary
26:22 Gryphon Aviary
26:25 Gryphon Aviary
32:43 Farm
» items
| Scroll of Regeneration | 9 | |
| Boots of Speed | 1 | |
| Periapt of Vitality | 1 | |
| Staff of Teleportation | 1 | |
| Potion of Invisibility | 3 | |
| Lesser Clarity Potion | 10 | |
| Scroll of Town Portal | 3 | |
| Scroll of Protection | 1 | |
29 total
Dharry13 (
blue | 40 APM | 1269 actions | 31:52)
4 Archmage
2 Summon Water Elemental
2 Brilliance Aura
» actions
| Basic commands | 85 | |
| Build / train | 94 | |
| Enter build submenu | 45 | |
| Enter hero's abilities submenu | 4 | |
| Remove unit from queue | 5 | |
| Right click | 473 | |
| Select / deselect | 509 | |
| Use ability | 54 | |
1269 total
» units
| Peasant | 25 | |
| Footman | 7 | |
| Mortar Team | 20 | |
| Siege Engine | 4 | |
56 total
» upgrades
| Swords | 0 | |
| Plating | 1 | |
| Armor | 3 | |
| Gunpowder | 3 | |
| Lumber Harvesting | 2 | |
| Fragmentation Shards | 1 | |
| Flare | 1 | |
| Masonry | 3 | |
| Barrage | 1 | |
15 total
» buildings
| Altar of Kings | 1 | |
| Barracks | 2 | |
| Farm | 12 | |
| Lumber Mill | 1 | |
| Blacksmith | 1 | |
| Town Hall | 1 | |
| Keep | 1 | |
| Workshop | 4 | |
| Castle | 1 | |
| Scout Tower | 18 | |
| Guard Tower | 11 | |
53 total
» build order
00:18 Altar of Kings
00:25 Barracks
00:51 Farm
01:11 Farm
01:45 Farm
01:56 Farm
02:36 Farm
03:18 Farm
03:24 Lumber Mill
03:29 Blacksmith
04:39 Town Hall
05:06 Keep
05:12 Farm
06:13 Farm
06:53 Barracks
07:11 Farm
07:41 Workshop
07:52 Workshop
07:55 Workshop
08:44 Castle
09:27 Farm
10:58 Farm
12:52 Scout Tower
12:59 Farm
13:18 Scout Tower
13:22 Scout Tower
14:48 Scout Tower
14:54 Scout Tower
14:56 Scout Tower
15:25 Guard Tower
16:17 Guard Tower
16:20 Scout Tower
17:14 Scout Tower
17:15 Guard Tower
18:00 Workshop
18:06 Scout Tower
18:07 Guard Tower
18:43 Guard Tower
18:50 Scout Tower
19:12 Scout Tower
19:15 Scout Tower
19:35 Scout Tower
19:46 Guard Tower
19:48 Scout Tower
19:52 Scout Tower
19:54 Guard Tower
19:57 Guard Tower
20:04 Scout Tower
20:05 Guard Tower
20:48 Guard Tower
20:53 Scout Tower
20:56 Scout Tower
21:37 Guard Tower
team 2 (winner)
fuzzy002 (
orange | 100 APM | 4066 actions | 40:36)
5 Death Knight
3 Death Coil
2 Unholy Aura
4 Lich
2 Frost Nova
2 Dark Ritual
» actions
| Assign group hotkey | 55 | |
| Basic commands | 39 | |
| Build / train | 125 | |
| ESC pressed | 4 | |
| Enter build submenu | 27 | |
| Enter hero's abilities submenu | 9 | |
| Right click | 2241 | |
| Select / deselect | 723 | |
| Select group hotkey | 626 | |
| Use ability | 217 | |
4066 total
» units
| Acolyte | 44 | |
| Ghoul | 3 | |
| Crypt Fiend | 11 | |
| Obsidian Statue | 7 | |
65 total
» upgrades
| Burrow | 1 | |
| Creature Attack | 2 | |
| Web | 1 | |
| Destroyer Form | 1 | |
| Backpack | 1 | |
6 total
» buildings
| Altar of Darkness | 1 | |
| Crypt | 1 | |
| Graveyard | 1 | |
| Ziggurat | 11 | |
| Tomb of Relics | 1 | |
| Halls of the Dead | 2 | |
| Black Citadel | 2 | |
| Slaughterhouse | 1 | |
| Nerubian Tower | 4 | |
| Spirit Tower | 9 | |
| Sacrificial Pit | 1 | |
34 total
» build order
00:12 Altar of Darkness
00:17 Crypt
00:43 Graveyard
01:11 Ziggurat
01:16 Tomb of Relics
02:08 Ziggurat
04:06 Halls of the Dead
04:30 Ziggurat
05:32 Ziggurat
07:17 Black Citadel
07:17 Black Citadel
07:55 Slaughterhouse
11:22 Ziggurat
11:22 Ziggurat
11:23 Ziggurat
12:07 Nerubian Tower
12:35 Spirit Tower
13:00 Nerubian Tower
13:00 Nerubian Tower
13:17 Spirit Tower
13:21 Spirit Tower
13:22 Ziggurat
14:00 Sacrificial Pit
18:16 Spirit Tower
24:15 Spirit Tower
25:02 Ziggurat
25:16 Ziggurat
32:17 Ziggurat
» items
| Rod of Necromancy | 4 | |
| Dust of Appearance | 1 | |
| Boots of Speed | 1 | |
| Potion of Mana | 2 | |
| Scroll of Town Portal | 4 | |
| Orb of Corruption | 2 | |
14 total
DontHaveACowMan (
yellow | 43 APM | 2501 actions | 58:31)
10 Archmage
3 Summon Water Elemental
3 Brilliance Aura
1 Mass Teleport
3 Blizzard
» actions
| Assign group hotkey | 203 | |
| Basic commands | 221 | |
| Build / train | 121 | |
| Enter build submenu | 61 | |
| Enter hero's abilities submenu | 10 | |
| Give item / drop item | 5 | |
| Remove unit from queue | 3 | |
| Right click | 786 | |
| Select / deselect | 537 | |
| Select group hotkey | 372 | |
| Use ability | 182 | |
2501 total
» units
| Peasant | 17 | |
| Footman | 8 | |
| Gryphon Rider | 19 | |
| Acolyte | 1 | |
45 total
» upgrades
| Lumber Harvesting | 2 | |
| Storm Hammers | 1 | |
| Swords | 3 | |
| Armor | 4 | |
| Animal War Training | 1 | |
| Masonry | 3 | |
| Cloud | 1 | |
15 total
» buildings
| Altar of Kings | 1 | |
| Barracks | 1 | |
| Farm | 10 | |
| Arcane Vault | 1 | |
| Keep | 1 | |
| Town Hall | 4 | |
| Lumber Mill | 1 | |
| Castle | 1 | |
| Scout Tower | 46 | |
| Gryphon Aviary | 3 | |
| Blacksmith | 2 | |
| Arcane Tower | 1 | |
| Guard Tower | 24 | |
96 total
» build order
00:36 Altar of Kings
00:37 Barracks
00:50 Farm
00:51 Farm
01:05 Farm
01:35 Farm
03:02 Arcane Vault
04:16 Keep
04:27 Town Hall
05:30 Lumber Mill
07:09 Castle
07:27 Scout Tower
07:28 Scout Tower
07:29 Scout Tower
07:30 Scout Tower
08:10 Scout Tower
08:35 Gryphon Aviary
08:35 Gryphon Aviary
08:36 Gryphon Aviary
08:47 Blacksmith
08:51 Blacksmith
09:14 Farm
13:00 Scout Tower
14:41 Arcane Tower
14:44 Scout Tower
14:44 Scout Tower
14:45 Scout Tower
14:46 Scout Tower
14:47 Scout Tower
14:54 Scout Tower
14:58 Scout Tower
15:24 Guard Tower
15:49 Guard Tower
15:53 Guard Tower
15:53 Guard Tower
15:54 Guard Tower
15:54 Guard Tower
16:47 Guard Tower
20:37 Scout Tower
20:37 Scout Tower
20:39 Scout Tower
20:40 Scout Tower
21:01 Scout Tower
21:03 Scout Tower
21:03 Scout Tower
21:32 Guard Tower
22:22 Guard Tower
25:17 Scout Tower
25:17 Scout Tower
25:18 Scout Tower
25:19 Scout Tower
25:21 Scout Tower
25:23 Scout Tower
25:27 Scout Tower
25:28 Scout Tower
25:59 Guard Tower
26:00 Guard Tower
26:24 Guard Tower
26:24 Guard Tower
26:27 Guard Tower
26:27 Guard Tower
26:57 Town Hall
29:16 Farm
29:17 Farm
29:18 Farm
29:18 Farm
31:07 Town Hall
31:55 Town Hall
33:05 Scout Tower
33:06 Scout Tower
33:07 Scout Tower
33:08 Scout Tower
33:08 Scout Tower
33:11 Scout Tower
33:11 Scout Tower
33:12 Scout Tower
33:13 Scout Tower
33:14 Scout Tower
33:53 Guard Tower
34:07 Farm
34:16 Guard Tower
34:17 Guard Tower
34:19 Guard Tower
34:20 Guard Tower
38:00 Scout Tower
38:01 Scout Tower
38:02 Scout Tower
38:23 Scout Tower
38:23 Scout Tower
38:24 Scout Tower
38:26 Scout Tower
38:26 Scout Tower
39:20 Guard Tower
43:08 Guard Tower
» items
| Scroll of Regeneration | 4 | |
| Mechanical Critter | 7 | |
| Staff of Teleportation | 2 | |
| Periapt of Vitality | 2 | |
| Scroll of Town Portal | 4 | |
| Staff of Sanctuary | 1 | |
20 total
LEGOBeavis (
green | 40 APM | 1918 actions | 47:47)
8 Archmage
3 Summon Water Elemental
3 Brilliance Aura
1 Mass Teleport
1 Blizzard
» actions
| Basic commands | 163 | |
| Build / train | 155 | |
| Enter build submenu | 49 | |
| Enter hero's abilities submenu | 8 | |
| Give item / drop item | 1 | |
| Remove unit from queue | 18 | |
| Right click | 639 | |
| Select / deselect | 704 | |
| Use ability | 179 | |
1918 total
» units
| Peasant | 26 | |
| Footman | 3 | |
| Rifleman | 14 | |
| Mortar Team | 14 | |
| Sorceress | 17 | |
| Priest | -3 | |
| Flying Machine | 2 | |
73 total
» upgrades
| Lumber Harvesting | 2 | |
| Long Rifles | 1 | |
| Flare | 1 | |
| Masonry | 3 | |
| Gunpowder | 3 | |
| Armor | 4 | |
| Sorceress Training | 2 | |
| Fragmentation Shards | 1 | |
| Magic Sentry | 1 | |
| Flak Cannons | 1 | |
| Flying Machine Bombs | 1 | |
| Plating | 2 | |
22 total
» buildings
| Altar of Kings | 1 | |
| Farm | 13 | |
| Barracks | 1 | |
| Scout Tower | 18 | |
| Arcane Tower | 1 | |
| Lumber Mill | 1 | |
| Guard Tower | 16 | |
| Keep | 1 | |
| Town Hall | 5 | |
| Blacksmith | 1 | |
| Arcane Vault | 2 | |
| Workshop | 4 | |
| Castle | 1 | |
| Arcane Sanctum | 1 | |
66 total
» build order
00:20 Altar of Kings
00:35 Farm
00:51 Barracks
01:15 Farm
01:53 Farm
02:17 Scout Tower
02:32 Farm
02:47 Arcane Tower
03:07 Lumber Mill
03:17 Scout Tower
03:49 Scout Tower
04:12 Guard Tower
04:19 Guard Tower
04:22 Farm
04:23 Keep
05:06 Scout Tower
05:15 Town Hall
05:26 Scout Tower
05:39 Scout Tower
05:44 Guard Tower
05:56 Blacksmith
05:59 Guard Tower
06:04 Scout Tower
06:19 Arcane Vault
06:20 Guard Tower
06:31 Guard Tower
06:34 Scout Tower
07:05 Guard Tower
07:08 Scout Tower
07:31 Workshop
08:05 Guard Tower
08:12 Scout Tower
08:54 Workshop
08:57 Castle
09:03 Guard Tower
09:07 Arcane Vault
10:16 Arcane Sanctum
10:23 Scout Tower
10:35 Scout Tower
10:54 Guard Tower
10:57 Scout Tower
11:27 Guard Tower
12:05 Guard Tower
13:38 Farm
15:16 Farm
16:20 Scout Tower
16:52 Farm
16:57 Guard Tower
16:59 Farm
21:12 Farm
21:16 Farm
22:30 Guard Tower
23:26 Farm
24:14 Town Hall
24:46 Farm
30:42 Workshop
31:53 Town Hall
31:59 Workshop
32:03 Scout Tower
32:15 Scout Tower
32:16 Scout Tower
32:20 Scout Tower
32:55 Guard Tower
33:18 Town Hall
33:27 Town Hall
» items
| Boots of Speed | 1 | |
| Scroll of Protection | 2 | |
| Circlet of Nobility | 1 | |
| Scroll of Town Portal | 5 | |
| Scroll of Regeneration | 3 | |
| Ivory Tower | 1 | |
| Potion of Healing | 1 | |
14 total
Shinoda (
purple | 28 APM | 1657 actions | 58:23)
8 Blademaster
2 Wind Walk
3 Critical Strike
2 Mirror Image
1 Bladestorm
1 Shadow Hunter
1 Healing Wave
» actions
| Assign group hotkey | 16 | |
| Basic commands | 103 | |
| Build / train | 75 | |
| Enter build submenu | 17 | |
| Enter hero's abilities submenu | 9 | |
| Give item / drop item | 2 | |
| Remove unit from queue | 2 | |
| Right click | 937 | |
| Select / deselect | 359 | |
| Select group hotkey | 80 | |
| Use ability | 57 | |
1657 total
» units
| Peon | 23 | |
| Grunt | 7 | |
| Raider | 4 | |
| Tauren | 8 | |
| Shaman | 3 | |
45 total
» upgrades
| Pillage | 1 | |
| Berserker Strength | 1 | |
| Melee Weapons | 2 | |
| Armor | 2 | |
| Shaman Training | 2 | |
| Pulverize | 1 | |
9 total
» buildings
| Altar of Storms | 1 | |
| Orc Burrow | 6 | |
| Barracks | 1 | |
| Voodoo Lounge | 1 | |
| Stronghold | 1 | |
| War Mill | 1 | |
| Fortress | 1 | |
| Spirit Lodge | 1 | |
| Beastiary | 2 | |
| Great Hall | 1 | |
| Tauren Totem | 2 | |
18 total
» build order
00:13 Altar of Storms
00:16 Orc Burrow
00:37 Barracks
02:18 Orc Burrow
03:01 Voodoo Lounge
03:14 Stronghold
03:59 Orc Burrow
04:43 War Mill
05:23 Orc Burrow
07:11 Fortress
07:18 Spirit Lodge
07:25 Beastiary
07:26 Beastiary
09:45 Orc Burrow
10:08 Great Hall
12:59 Tauren Totem
14:26 Orc Burrow
16:51 Tauren Totem
» items
| Healing Salve | 1 | |
| Orb of Fire | 2 | |
| Boots of Speed | 1 | |
| Circlet of Nobility | 2 | |
6 total
Chat log
(01:03 / Allies) LEGOBeavis: units
(01:04 / Allies) LEGOBeavis: heroes
(01:09 / Allies) Shinoda: shams n tauren
(01:15 / Allies) DontHaveACowMan: poops and poopman
(01:18 / Allies) Shinoda: raiders mid game harass
(01:21 / Allies) fuzzy002: mh and dh
(01:39 / Allies) LEGOBeavis: i get mort sorc am
(04:14 / All) DontHaveACowMan: THANK YOU ORANGe
(04:19 / Allies) fuzzy002: ^^
(04:21 / All) DontHaveACowMan: COULD NOT HAVE DONE THAT WITHOUT YOUR HELP
(04:38 / All) DontHaveACowMan: HAVE SOME OF MY EXP AS A TOKEN OF MY APPRECIATION
(04:55 / Allies) Shinoda: xD
(05:00 / Allies) Shinoda: yellow you're killin me
(07:37 / All) F.U.C.K.u.U.P.: lego router
(08:00 / All) LEGOBeavis: that would be cool
(10:28 / Allies) DontHaveACowMan: lumber?
(11:38 / All) F.U.C.K.u.U.P.: megablocks router
(12:57 / Allies) fuzzy002: anyone have extra gold
(13:14 / Allies) fuzzy002: ty
(13:25 / Allies) fuzzy002: ty ty
(14:33 / All) DontHaveACowMan: Faery fire lasts way too long should be nerfed
(14:47 / All) F.U.C.K.u.U.P.: Needs to be nerfed in the upcoming patch
(14:50 / Allies) DontHaveACowMan: lumber
(15:34 / Allies) DontHaveACowMan: hit an easier target purple
(16:06 / Allies) Shinoda: lol
(16:10 / All) F.U.C.K.u.U.P.: purple
(16:11 / Allies) Shinoda: hes wasting on repairs
(16:13 / All) F.U.C.K.u.U.P.: what the fuck was that
(16:14 / Allies) Shinoda: and pillaging it for me
(16:27 / Allies) fuzzy002: golod ?>
(17:49 / All) F.U.C.K.u.U.P.: orange you have too many peons on mine
(17:51 / All) F.U.C.K.u.U.P.: I fix it for you
(17:59 / All) fuzzy002: lol
(18:01 / Allies) DontHaveACowMan: lumber
(18:09 / Allies) fuzzy002: gold
(20:03 / Allies) Shinoda: gg
(20:05 / Allies) Shinoda: we have no aa
(20:20 / Allies) DontHaveACowMan: need gyros or tanks
(20:48 / All) F.U.C.K.u.U.P.: purple for pink
(23:29 / All) F.U.C.K.u.U.P.: My team hasn't said anything all game
(23:31 / All) F.U.C.K.u.U.P.: they are mutes
(24:04 / All) F.U.C.K.u.U.P.: shit wasn't watching
(24:42 / Allies) LEGOBeavis: theyre coming to hit me i thinkk
(24:53 / Allies) fuzzy002: mmhm
(24:58 / Allies) fuzzy002: guess not
(26:59 / Allies) DontHaveACowMan: lumber
(28:31 / Allies) fuzzy002: green TOp yelow
(29:06 / Allies) fuzzy002: gold for TP?
(31:08 / Allies) LEGOBeavis: stupid fn morts
(32:05 / Allies) DontHaveACowMan: lumbers?
(32:26 / Allies) LEGOBeavis: who wants wood
(32:27 / Allies) fuzzy002: just red and teal
(32:30 / Allies) fuzzy002: need gold
(32:34 / All) Phurious: seriously...practically playing this game alone
(32:40 / All) Phurious: gl
(32:47 / All) Phurious: red...8ku gold
(33:08 / Allies) Shinoda: lol they thought they would kill my base and make me less of an issue
(33:10 / Allies) Shinoda: NOT A CHANCE
(33:14 / Allies) fuzzy002: haha
(33:14 / Allies) fuzzy002: ^^
(33:15 / Allies) Shinoda: blademaster ftw
(33:43 / Allies) fuzzy002: we need some serious AA guys
(34:29 / Allies) LEGOBeavis: tp
(35:06 / Allies) Shinoda: yellow got a few hundo for me?
(35:10 / Allies) Shinoda: to heal
(35:27 / Allies) Shinoda: I gave u guys all my shit
(35:44 / Allies) Shinoda: got like 500g yellow?
(36:31 / Allies) Shinoda: I got his hero
(36:31 / Allies) Shinoda: dw
(36:52 / Allies) Shinoda: anywhere his hero goes
(36:55 / Allies) Shinoda: I'ma hunt his ass
(37:10 / Allies) Shinoda: wtf u doing yellow
(37:13 / Allies) Shinoda: killin oj for?
(37:16 / Allies) fuzzy002: ??
(37:23 / Allies) fuzzy002: lol
(38:00 / Allies) Shinoda: yellow can I get 500g?
(39:28 / Allies) fuzzy002: ..............
(39:47 / All) DontHaveACowMan: LEGGO MY EGGO
(41:41 / Allies) Shinoda: wtf yellow
(41:43 / Allies) Shinoda: why be a faggot
(42:24 / All) Shinoda: yellow just wants to tk
(42:27 / All) Shinoda: gg
(42:53 / All) DontHaveACowMan: From where you're sitting this must seem like a 24-carrat turn of bad luck
(42:56 / All) DontHaveACowMan: But the truth is
(43:00 / All) DontHaveACowMan: the game was rigged from the start
(43:16 / All) Shinoda: lol isn't it obvious
(43:46 / All) LEGOBeavis: people get off on weird shit lmao
(44:24 / All) LEGOBeavis: they probly play Second life lol
(45:20 / All) F.U.C.K.u.U.P.: did your side have any chat?
(45:23 / All) F.U.C.K.u.U.P.: fun game but 0 chat my side
(45:25 / All) LEGOBeavis: fuck these 4v4 games lol. too many idiots playing
(45:28 / All) DontHaveACowMan: not really
(45:40 / All) F.U.C.K.u.U.P.: like you green, go uninstall and make 4v4 better for everyone
(45:47 / All) F.U.C.K.u.U.P.: 35-44 lol
(45:49 / All) LEGOBeavis: ouch bro lol
(45:51 / All) DontHaveACowMan: haven't been milking any lulz either though
(46:02 / All) LEGOBeavis: i make a bunch of names lol
(46:14 / All) F.U.C.K.u.U.P.: no wonder, if my record was that bad I'd want a new account too
(46:31 / All) LEGOBeavis: i dont really care much for my record dork lol
(46:38 / All) DontHaveACowMan: orange is 1-10 solo
(46:42 / All) LEGOBeavis: i just play for fun. u take it pretty seriously i see lmao
(46:48 / All) DontHaveACowMan: I wonder if he's deliberately losing or he's really that bad
(47:05 / All) LEGOBeavis: this is a team game stupid lol
(47:14 / All) F.U.C.K.u.U.P.: yeah, so we are on a team
(47:14 / All) DontHaveACowMan: ?
(47:18 / All) LEGOBeavis: 4v4 team. u get it?? no dont think u do lmao
(47:19 / All) F.U.C.K.u.U.P.: yellow and I are on a team
(47:29 / All) F.U.C.K.u.U.P.: we are on a team in the team game
(47:39 / All) DontHaveACowMan: You can buy this Warcraft win for 10 American dollars
(47:43 / All) LEGOBeavis: see ya fags. go brag to ur friends how good u are on bnet warcraft 3 LMAO
(47:45 / All) DontHaveACowMan: 5 to my accomplice and 5 to myself
(47:57 / All) F.U.C.K.u.U.P.: lawl
(48:43 / All) DontHaveACowMan: you gonna feast on pig tonight in your village?
(49:14 / All) F.U.C.K.u.U.P.: The sorceress sluts are hungry for pork
(49:23 / All) DontHaveACowMan: Purple are you ready to pay us each 5 dollars?
(49:50 / All) DontHaveACowMan: I'll give you 2 minutes to deliberate with the voices in your head
(49:56 / All) Shinoda: lol
(50:00 / All) Shinoda: you act like I care
(50:10 / All) F.U.C.K.u.U.P.: If you don't then leave
(50:15 / All) Shinoda: I'm watching tokyo ghoul on my second monitor, come join my ts
(50:16 / All) DontHaveACowMan: Looks like you need a win, pal
(50:20 / All) F.U.C.K.u.U.P.: or stay, and alt-tab, go on PayPal, make 2 easy payments of $5
(50:22 / All) Shinoda: and we can speak about the paypal arrangements
(50:22 / All) F.U.C.K.u.U.P.: and you can still win
(50:24 / All) DontHaveACowMan: you could be 19-27 for the low price of 10 American dollars
(50:39 / All) Shinoda: I'm Japanese, I don't have usd.
(50:49 / All) Shinoda: I can give you 500 yen each.
(50:54 / All) F.U.C.K.u.U.P.: Sure
(50:58 / All) Shinoda: But you have to speak to me voice to voice like me.
(51:02 / All) Shinoda: men
(51:07 / All) Shinoda: I'll gladly do it.
(51:09 / All) DontHaveACowMan: 1178 yen
(51:14 / All) F.U.C.K.u.U.P.: each
(51:21 / All) DontHaveACowMan: split that;s 10 dollars
(51:42 / All) F.U.C.K.u.U.P.: do you have anything other than teamspeak, I'll have to download it
(51:48 / All) DontHaveACowMan: 564 yen each
(51:49 / All) Shinoda: join this then
(51:51 / All) Shinoda: vs15.tserverhq.com:6192
(51:56 / All) Shinoda: I have no problem with it
(52:09 / All) F.U.C.K.u.U.P.: that's vent?
(52:11 / All) Shinoda: and nope, only have teamspeak
(52:14 / All) F.U.C.K.u.U.P.: oh
(52:17 / All) Shinoda: no, vent is too old.
(52:25 / All) F.U.C.K.u.U.P.: do we both have to download teamspeak for our money or just one?
(52:40 / All) Shinoda: One is fine, he can paypal u the other half
(52:53 / All) DontHaveACowMan: He can give you my paypal
(53:12 / All) Shinoda: I don't care about your paypal, I want to hear you speak.
(53:18 / All) Shinoda: I actually laughed a bit at this
(53:21 / All) F.U.C.K.u.U.P.: I'm downloading it, hang on
(54:29 / All) F.U.C.K.u.U.P.: I installed it, figuring it out now
(55:03 / All) Shinoda: just click connect and type this in for adress. vs15.tserverhq.com:6192
(55:08 / All) Shinoda: you don't need a password
(56:59 / All) Shinoda: you figure out?
(57:11 / All) F.U.C.K.u.U.P.: yeah
(57:13 / All) F.U.C.K.u.U.P.: typing in your server now
(58:23 / All) DontHaveACowMan: lawl